 Dungeon Crawl Stone Soup version 0.28-a0-429-g1448048969 (webtiles) character file.

Game seed: 13666149675071549606

185 MacCMillion the Poker (level 5, -4/43 HPs)
             Began as a Merfolk Fighter on Sept 10, 2021.
             Slain by an iguana (5 damage)
             ... on level 3 of the Dungeon.
             The game lasted 00:03:29 (1785 turns).

MacCMillion the Poker (Merfolk Fighter)             Turns: 1785, Time: 00:03:30

Health: -4/43      AC:  7    Str: 17    XL:     5   Next: 64%
Magic:  5/5        EV:  9    Int:  7    God:
Gold:   70         SH:  5    Dex: 14    Spells: 4/4 levels left

rFire   . . .      SeeInvis .   a - +0 trident
rCold   . . .      Faith    .   c - +0 buckler
rNeg    . . .      Spirit   .   b - +0 scale mail
rPois   .          Reflect  .   h - +0 hat
rElec   .          Harm     .   (no cloak)
rCorr   .          Rampage  .   (no gloves)
Will    .....                   e - +0 pair of boots
Stlth   ..........              (no amulet)
HPRegen 0.14/turn               (no ring)
MPRegen 0.09/turn               (no ring)

@: no status effects
A: (nimble swimmer 2), mertail
a: no special abilities


You were on level 3 of the Dungeon.
You visited 1 branch of the dungeon, and saw 3 of its levels.

You collected 70 gold pieces.

Inventory:

Hand Weapons
 a - a +0 trident (weapon)
 f - a +0 dagger of draining
Armour
 b - a +0 scale mail (worn)
 c - a +0 buckler (worn)
 e - a +0 pair of boots (worn)
 h - a +0 hat (worn)
Scrolls
 i - 3 scrolls of identify {unknown}
 j - a scroll of teleportation {unknown}
 l - a scroll of fog {unknown}
 m - 2 scrolls of magic mapping {unknown}
 n - a scroll of summoning {unknown}
Potions
 d - a potion of might
 g - 2 potions of curing {unknown}
 k - a potion of degeneration {unknown}
 o - a potion of invisibility {unknown}


   Skills:
 + Level 4.3 Fighting
 + Level 4.8 Polearms
 + Level 3.0 Armour
 - Level 4.0 Shields


You had 4 spell levels left.
You didn't know any spells.
Your spell library contained the following spells:

 Spells                   Type           Power      Damage    Failure   Level
 Alistair's Intoxication  Tmut/Pois      0%         N/A       100%        5
 Borgnjor's Vile Clutch   Necr/Erth      0%         N/A       100%        5
 Eringya's Noxious Bog    Tmut/Pois      0%         N/A       100%        6


Dungeon Overview and Level Annotations

Branches:
Dungeon (3/15)

Altars:


Innate Abilities, Weirdness & Mutations

((You are quick and stealthy near water. (Stealth+, EV+, Speed+++)))
Your lower body shifts to a powerful aquatic tail in water.


Message History

You hit the iguana.
The iguana is lightly wounded.
The endoplasm freezes you.
You are frozen.
The iguana bites you.
You hit the iguana.
The iguana is moderately wounded.
The endoplasm hits you but does no damage.
The iguana bites you.
You are too injured to fight recklessly!
You are too injured to fight recklessly!
You are too injured to fight recklessly!
You closely miss the iguana.
The iguana is moderately wounded.
The endoplasm hits you but does no damage.
The iguana closely misses you.
You hit the iguana.
The iguana is heavily wounded.
The endoplasm hits you but does no damage.
The iguana closely misses you.
You hit the iguana but do no damage.
The iguana is heavily wounded.
The endoplasm freezes you.
You are frozen.
The iguana bites you!
* * * LOW HITPOINT WARNING * * *
You hit the iguana.
The iguana is severely wounded.
The endoplasm hits you but does no damage.
The iguana closely misses you.
You closely miss the iguana.
The iguana is severely wounded.
The endoplasm hits you.
* * * LOW HITPOINT WARNING * * *
You block the iguana's attack.
You barely miss the iguana.
The iguana is severely wounded.
The endoplasm freezes you.
You are frozen.
* * * LOW HITPOINT WARNING * * *
The iguana bites you.
You die...

...... .....#.######... #?..
.. ................###.. ..#
....................######...
.............# #...........#
.............# #...........#
.####........# #...........##
.####........# #.............
.............###@J....<......
.................l...........
............######...........
..####..#.#'####...)...####.#
#.# #...........####### # #.#
#...........## ...
#.###..........# #...
#...........#.##
#...........##.#


You could see an iguana and an endoplasm.

Vanquished Creatures
  A bullfrog (D:3)
  An orc wizard (D:3)
  4 adders
  2 dart slugs
  4 orcs (D:3)
  6 endoplasms
  4 giant cockroaches
  5 goblins
  4 hobgoblins
  3 jackals (D:2)
  4 kobolds
  A quokka (D:2)
  5 ball pythons
  3 bats
  5 rats
52 creatures vanquished.

Notes
Turn   | Place    | Note
-------+----------+-------------------------------------------
     0 | D:1      | MacCMillion the Merfolk Fighter began the quest for the
                  | Orb.
     0 | D:1      | Reached XP level 1. HP: 18/18 MP: 1/1
   110 | D:1      | Reached XP level 2. HP: 22/24 MP: 2/2
   149 | D:1      | Found a faded altar of an unknown god.
   645 | D:2      | Reached XP level 3. HP: 29/30 MP: 3/3
  1041 | D:2      | Reached XP level 4. HP: 16/37 MP: 4/4
  1434 | D:3      | Noticed a bullfrog
  1449 | D:3      | Killed a bullfrog
  1450 | D:3      | Reached XP level 5. HP: 26/42 MP: 5/5
  1785 | D:3      | HP: 1/43 [frozen (4)]
  1785 | D:3      | Slain by an iguana

Illustrated notes

Levels and vault maps discovered:
D:1:      minmay_arrival_hallway, layout_rooms,
          shapermc_ecumenical_altar_notcrosses, wad_floor_pattern_2
D:2:      layout_basic, minmay_tromino_i2
D:3:      minmay_angry_zag, layout_basic

Skill      XL: |  1  2  3  4  5 |
---------------+----------------+-----
Fighting       | 4 |  4.3
Polearms       | 4 |  4.8
Shields        | 4 |  4.0
Armour         | 3 |  3.0

Action                   |  1- 3 |  4- 6 || total
-------------------------+-------+-------++-------
Melee: Trident           |    84 |    79 ||   163
Armor: Scale mail        |    25 |    38 ||    63
Dodge: Dodged            |    19 |    28 ||    47
Block: Buckler           |     7 |    17 ||    24

Table legend: (Time is in decaauts)
 A = Elapsed time spent in this place.
 B = Non-inter-level travel time spent in this place.
 C = Inter-level travel time spent in this place.
 D = Time resting spent in this place.
 E = Time spent auto-exploring this place.
 F = Levels seen in this place.
 G = Mean time per level.
                   A        B        C        D        E       F      G
               +--------+--------+--------+--------+--------+-----+--------+
         Total |   1802 |   1735 |     67 |      0 |   1349 |   3 |  600.7 |
       Dungeon |   1802 |   1735 |     67 |      0 |   1349 |   3 |  600.7 |
               +--------+--------+--------+--------+--------+-----+--------+

Top non-repeatable levels by time:
     D:2: 728 daAuts
     D:1: 645 daAuts
     D:3: 428 daAuts
